Description

1.净网行动进攻奥罗娜的红点波次过多,且刷新位置不定,只建议记红点数量。 2.压制塔的刷新位置分为两套,前者为A型,后者为B型。与神庙AB不同,每一个终端的AB型是独立的。如,终端1为A型,终端2可能为B型。 3.某些压制塔刷新附带卫队,附带卫队的压制塔后有“-卫”后缀。卫队刷新位置多为压制塔附近的红线处。 4.压制塔以及红点刷新时间根据奥罗娜到达终端的时间而定,本流程中仅为参考,实际环境会略有推迟。 5.压制塔位置以奥罗娜为参照。 详细信息:https://bbs.nga.cn/read.php?tid=17265336&forder_by=postdatedesc&rand=273

Build Order

Get SALT Encoding   

  1  3:36  Action 红点:左(右)  
  2  5:12  Action 终端1,4个红点  
  2  6:58  Action 压制塔:右/左  
  3  9:45  Action 红点:右(左)  
  4  10:15  Action 终端2,7个红点  
  4  11:06  Action 压制塔:左上(右上)  
  4  11:41  Action 压制塔:右上(下)  
  5  15:32  Action 红点:中  
  6  15:48  Action 终端3,4个红点  
  6  16:14  Action 压制塔:左(左下)  
  6  18:32  Action 压制塔:右 (右上-卫)  
  6  18:19  Action 压制塔:上-卫 (左)  
  7  21:30  Action 终端4,4个红点  
  7  22:05  Action 压制塔:右下(右上)  
  7  22:40  Action 压制塔:左-卫(左下-卫)  
  7  23:20  Action 压:[左上 + 左下(右下)]-卫  
Spawning Tool Build Advisor. Get it on Overwolf

Go to:

Details

  • Created by: DCpro
  • Published on: Aug 06, 2021
  • Modified on: Aug 07, 2021
  • Patch: 4.11.0
  • Difficulty: Medium
Show
View Real Time Build Order
Export as new Build Order

Comments (0)

There are no comments. Be the first!

Create an account to comment!